 Dungeon Crawl Stone Soup version 0.20.1-1-g8b1a95d66d (webtiles) character file.

495 bodvar the Chiller (level 6, -3/32 HPs)
             Began as a Deep Elf Ice Elementalist on Nov 19, 2017.
             Was an Initiate of Vehumet.
             Slain by a leopard gecko (4 damage)
             ... on level 5 of the Dungeon.
             The game lasted 00:23:02 (4922 turns).

bodvar the Chiller (Deep Elf Ice Elementalist)      Turns: 4922, Time: 00:23:02

Health: -3/32      AC:  2    Str:  5    XL:     6   Next: 92%
Magic:  16/16      EV: 13    Int: 22    God:    Vehumet [......]
Gold:   196        SH:  0    Dex: 15    Spells: 5/15 levels left

rFire    + . .     SeeInvis .   a - +0 dagger
rCold    + . .     Gourm    .   (no shield)
rNeg     + . .     Faith    .   f - +0 robe {rN+}
rPois    +         Spirit   .   (no helmet)
rElec    +         Reflect  .   (no cloak)
rCorr    +         Harm     .   (no gloves)
MR       .....                  (no boots)
Stlth    ++........             (no amulet)
Regen    0.1/turn               (no ring)
MPRegen  0.2/turn               (no ring)

@: resistant, starving
A: no striking features
a: Renounce Religion


You were on level 5 of the Dungeon.
You worshipped Vehumet.
Vehumet was noncommittal.
You were starving.

You visited 2 branches of the dungeon, and saw 6 of its levels.

You collected 196 gold pieces.

Inventory:

Hand Weapons
 a - a +0 dagger (weapon)
Armour
 f - a +0 robe of positive energy (worn)
Jewellery
 e - an uncursed ring of wizardry {unknown}
Scrolls
 d - a scroll of blinking {unknown}
 g - 4 scrolls of identify {unknown}
 i - 2 scrolls of fear
 j - a scroll of immolation {unknown}
 k - 4 scrolls of amnesia
 n - 2 scrolls of teleportation {unknown}
Potions
 h - a potion of agility {unknown}
 l - a potion of invisibility {unknown}
 m - 2 potions of flight {unknown}
 o - 2 potions of mutation {unknown}
 p - a potion of cancellation {unknown}
Books
 b - a book of Frost

   Spells                             Type                      Level
   a - Freeze                         Ice                          1
   b - Throw Frost                    Conjuration/Ice              2
   c - Ozocubu's Armour               Charms/Ice                   3
   d - Throw Icicle                   Conjuration/Ice              4
   e - Summon Ice Beast               Ice/Summoning                4


   Skills:
 + Level 3.0 Dodging
 + Level 3.6 Stealth
 + Level 5.3 Spellcasting
 + Level 3.5 Conjurations
 + Level 0.9 Summonings
 * Level 6.1 Ice Magic


You had 5 spell levels left.
You knew the following spells:

 Your Spells              Type           Power        Failure   Level  Hunger
a - Throw Icicle          Conj/Ice       ####....     13%         4    ####...
b - Throw Frost           Conj/Ice       ####..       1%          2    None
c - Summon Ice Beast      Ice/Summ       ###.....     22%         4    ####...


Dungeon Overview and Level Annotations

Branches:
Dungeon (5/15)             Temple (1/1) D:4

Altars:
Cheibriados
Dithmenos
Fedhas
Gozag
Hepliaklqana
Kikubaaqudgha
Nemelex Xobeh
Okawaru
Qazlal
Sif Muna
Uskayaw
Vehumet
Xom
Yredelemnul
Zin
The Shining One


Message History

You feel protected.
The leopard gecko bites you but does no damage.
You barely miss the leopard gecko.
The leopard gecko is severely wounded.
The leopard gecko barely misses you. The leopard gecko bites you.
* * * LOW HITPOINT WARNING * * *
You barely miss the leopard gecko.
The leopard gecko is severely wounded.
The leopard gecko closely misses you.
You barely miss the leopard gecko.
The leopard gecko is severely wounded.
The leopard gecko bites you.
* * * LOW HITPOINT WARNING * * *
You closely miss the leopard gecko.
The leopard gecko is severely wounded.
The leopard gecko closely misses you.
You miss the leopard gecko.
The leopard gecko is heavily wounded.
The leopard gecko bites you.
You die...

##......<# #.#..Z.
'....#### #.#....
#....# ...... #....#
#..... ####....#
#..... #..$....#
####..#.# #.......#
#.....#.#
#.......######........
#....@.......'....#...
#....l..######....#...
#.......#......#####..
##.....##.###### #..
#.....# #.. ......
#.....# #.# #####.
#.....# #.### #.
####.....# #[..# ##
#........##.#
#...######


You could see a leopard gecko.

Vanquished Creatures
  A necrophage (D:5)
  An orc priest (D:4)
  3 orc wizards (D:4)
  An iguana (D:4)
  A worker ant (D:4)
  4 adders
  An ooze (D:1)
  3 dart slugs
  A leopard gecko (D:1)
  5 orcs
  5 giant cockroaches
  8 hobgoblins
  3 jackals (D:4)
  A quokka (D:1)
  A ball python (D:1)
  4 bats
  6 frilled lizards
  5 goblins
  4 kobolds
  9 rats
67 creatures vanquished.

Vanquished Creatures (collateral kills)
  2 ogres
  A worker ant (D:4)
  A hound skeleton (D:5)
  3 orcs (D:4)
7 creatures vanquished.

Grand Total: 74 creatures vanquished

Notes
Turn   | Place    | Note
-------+----------+-------------------------------------------
     0 | D:1      | bodvar the Deep Elf Ice Elementalist began the quest for the Orb.
     0 | D:1      | Reached XP level 1. HP: 10/10 MP: 6/6
   281 | D:1      | Reached XP level 2. HP: 8/15 MP: 6/8
   424 | D:1      | Learned a level 2 spell: Throw Frost
   712 | D:1      | Found a sparkling altar of Nemelex Xobeh.
  1007 | D:1      | Reached skill level 4 in Ice Magic
  1121 | D:1      | Reached XP level 3. HP: 19/19 MP: 3/10
  2045 | D:3      | Reached XP level 4. HP: 24/24 MP: 0/11
  2460 | D:3      | Found a faded altar of an unknown god.
  3109 | D:4      | Learned a level 4 spell: Throw Icicle
  3114 | D:4      | Learned a level 4 spell: Summon Ice Beast
  3155 | D:4      | Reached XP level 5. HP: 8/28 MP: 0/13
  3167 | D:4      | Reached skill level 5 in Ice Magic
  3671 | D:5      | Entered Level 5 of the Dungeon
  3995 | D:4      | Found a staircase to the Ecumenical Temple.
  4003 | Temple   | Entered the Ecumenical Temple
  4100 | Temple   | Became a worshipper of Vehumet
  4169 | D:4      | Noticed an ogre
  4169 | D:4      | Reached XP level 6. HP: 32/32 MP: 12/15
  4302 | D:4      | Reached skill level 5 in Spellcasting
  4679 | D:5      | Found a radiant altar of Vehumet.
  4684 | D:5      | Reached skill level 6 in Ice Magic
  4920 | D:5      | HP: 1/32 [leopard gecko (2)]
  4922 | D:5      | Slain by a leopard gecko

Skill      XL: |  1  2  3  4  5  6 |
---------------+-------------------+-----
Ice Magic      | 4 5 6 |  6.1
Conjurations   | 2 3 |  3.5
Stealth        | 3 |  3.6
Spellcasting   | 4 5 |  5.3
Dodging        | 3 |  3.0
Summonings     | |  0.9

Action                   |  1- 3 |  4- 6 || total
-------------------------+-------+-------++-------
Melee: Unarmed           |     1 |       ||     1
       Dagger            |       |    38 ||    38
 Cast: Freeze            |    17 |    13 ||    30
       Throw Frost       |    41 |    63 ||   104
       Summon Ice Beast  |       |     4 ||     4
       Throw Icicle      |       |     6 ||     6
  Use: Potion            |     1 |     4 ||     5
       Scroll            |       |     2 ||     2
 Stab: Sleeping          |     1 |       ||     1
  Eat: Bread ration      |     1 |     2 ||     3
Armor: Robe              |       |     8 ||     8
Dodge: Dodged            |     7 |    48 ||    55
